 Dungeon Crawl Stone Soup version 0.28-a0-851-g8b9cc49659 (webtiles) character file.

Game seed: 8673484905291474389

72 vurker the Gusty (level 4, -1/25 HPs)
             Began as a Tengu Air Elementalist on Nov 14, 2021.
             Killed from afar by a white imp (11 damage)
             ... with a puff of frost
             ... summoned by Natasha
             ... on level 2 of the Dungeon.
             The game lasted 00:01:42 (1293 turns).

vurker the Gusty (Tengu Air Elementalist)           Turns: 1293, Time: 00:01:43

Health: -1/25      AC:  2    Str:  8    XL:     4   Next: 26%
Magic:  3/9        EV: 12    Int: 16    God:
Gold:   177        SH:  0    Dex: 15    Spells: 7/8 levels left

rFire   . . .      SeeInvis .   e - +0 short sword
rCold   . . .      Faith    .   (no shield)
rNeg    . . .      Spirit   .   a - +0 robe
rPois   .          Reflect  .   (helmet restricted)
rElec   .          Harm     .   (no cloak)
rCorr   .          Rampage  .   (no gloves)
Will    .....                   (boots unavailable)
Stlth   ++........              (no amulet)
HPRegen 0.08/turn               (no ring)
MPRegen 0.11/turn               (no ring)

@: no status effects
A: beak, talons 3
a: no special abilities


You were on level 2 of the Dungeon.
You visited 1 branch of the dungeon, and saw 2 of its levels.

You collected 177 gold pieces.

Inventory:

Hand Weapons
 e - a +0 short sword (weapon)
   (You took it off a kobold on level 1 of the Dungeon)
Armour
 a - a +0 robe (worn)
Scrolls
 b - a scroll of identify {unknown}
 d - a scroll of teleportation {unknown}
 f - a scroll of magic mapping {unknown}
 h - a scroll of summoning {unknown}
Potions
 c - a potion of might {unknown}
 g - a potion of haste {unknown}


   Skills:
 + Level 1.2 Fighting
 - Level 2.1 Dodging
 - Level 2.0 Stealth
 * Level 2.8 Spellcasting
 + Level 2.4 Conjurations
 * Level 5.1 Air Magic


You had 7 spell levels left.
You knew the following spells:

 Your Spells              Type           Power      Damage    Failure   Level
a - Shock                 Conj/Air       56%        1d6       4%          1

Your spell library contained the following spells:

 Spells                   Type           Power      Damage    Failure   Level
 Static Discharge         Conj/Air       14%        N/A       6%          2
 Swiftness                Air            18%        N/A       7%          3
 Airstrike                Air            9%         N/A       24%         4
 Tukima's Dance           Hex            2%         N/A       50%         3
 Sticky Flame             Conj/Fire      6%         2d3       75%         4
 Dispel Undead            Necr           2%         3d7       88%         4
 Passage of Golubria      Tloc           2%         N/A       88%         4
 Yara's Violent Unravell  Hex/Tmut       1%         3d3       99%         5


Dungeon Overview and Level Annotations

Branches:
Dungeon (2/15)

Altars:

Annotations:
D:2 Natasha, Sigmund


Innate Abilities, Weirdness & Mutations

You have a beak for a mouth.
You have claws for feet.


Message History

There is an open door here.
There is a stone staircase leading down here.
You start resting.
You climb downwards.
Level annotation: Sigmund
There is a stone staircase leading up here.
You open the door.
There is an open door here.
Found Great Wizards, Vol.
VII.
An adder comes into view.
The adder hisses angrily.
The zap hits the adder. x2; The adder bites you.
The zap misses the adder.
The zap hits the adder.
The adder closely misses you.
The zap misses the adder.
The zap hits the adder.
The adder bites you but does no damage.
The zap misses the adder.
The zap hits the adder.
You kill the adder!
You can't see any susceptible monsters within range! (Use Z to cast anyway.)
You can't see any susceptible monsters within range! (Use Z to cast anyway.)
There is a large open door here.
You see here an adder corpse.
You pick up Great Wizards, Vol.
VII and begin reading...
You add the spells Tukima's Dance, Passage of Golubria and Yara's Violent Unravelling to your library.
Natasha, Servant of Life and Death comes into view.
She is carrying a wand of polymorph (2).
Found 12 gold pieces.
Aim: Natasha, carrying a wand of polymorph (2) (black smoke, asleep, 100% to hit)
The zap hits Natasha.
Aim: Natasha, carrying a wand of polymorph (2) (lightly wounded, 64% to hit)
The zap misses Natasha.
Natasha casts a spell.
Aim: Natasha, carrying a wand of polymorph (2) (black smoke, lightly wounded, 64% to hit)
The zap misses the white imp.
The zap hits Natasha.
Natasha mumbles some strange words.
Natasha glows brightly for a moment.
The white imp hits you but does no damage.
Aim: Natasha, carrying a wand of polymorph (2) (lightly wounded, 64% to hit)
The zap hits the white imp.
The zap hits Natasha.
The white imp gestures at you. The puff of frost hits you!
Aim: Natasha, carrying a wand of polymorph (2) (moderately wounded, 64% to hit)
The zap hits the white imp.
The zap misses Natasha.
Natasha mumbles some strange words.
You feel troubled. The white imp hits you. The white imp freezes you.
* * * LOW HITPOINT WARNING * * *
Aim: Natasha, carrying a wand of polymorph (2) (moderately wounded, 64% to hit)
The zap hits the white imp.
The zap hits Natasha.
The white imp gestures at you. The puff of frost hits you!
You die...

### ... ..#
####''#### #
###≈≈≈..≈§≈# #
####^##§.5h.$§§# #
#.....#≈@# ≈# #
###....##≈.# .≈# #
#.......#≈.# .≈# #
#.......#≈.####.≈#
#
#.......#≈......§#
#
###...###§≈≈..≈≈≈#
#
#...<.####†'######
# ##.####
#.......# #
#....## #........


You could see Natasha and a white imp (summoned).

Vanquished Creatures
  A howler monkey (D:2)
  An adder (D:2)
  A worm (D:2)
  2 dart slugs (D:1)
  2 giant cockroaches
  3 goblins (D:1)
  3 kobolds (D:1)
  A ball python (D:1)
  6 bats
20 creatures vanquished.

Notes
Turn   | Place    | Note
-------+----------+-------------------------------------------
     0 | D:1      | vurker the Tengu Air Elementalist began the quest for the
                  | Orb.
     0 | D:1      | Reached XP level 1. HP: 10/10 MP: 4/4
   156 | D:1      | Reached XP level 2. HP: 10/15 MP: 1/6
   171 | D:1      | Found a faded altar of an unknown god.
   911 | D:2      | Reached XP level 3. HP: 20/20 MP: 5/7
   942 | D:2      | Noticed Sigmund
  1080 | D:2      | Reached skill level 1 in Fighting
  1080 | D:2      | Reached skill level 5 in Air Magic
  1080 | D:2      | Reached XP level 4. HP: 25/25 MP: 0/9
  1287 | D:2      | Noticed Natasha
  1293 | D:2      | Killed from afar by a white imp

Illustrated notes

Levels and vault maps discovered:
D:1:      matt_arrival_diagonals, layout_basic,
          hellmonk_ecumenical_altar_lost_god
D:2:      layout_loops_corners, serial_shops, shop, kennysheep_generic_room_6,
          uniq_natasha, uniq_sigmund, uniq_terence

Skill      XL: |  1  2  3 |
---------------+----------+-----
Conjurations   | 2 |  2.4
Fighting       | 1 |  1.2
Air Magic      | 5 |  5.1
Dodging        | |  2.1
Stealth        | |  2.0
Spellcasting   | |  2.8

Action                   |  1- 3 |  4- 6 || total
-------------------------+-------+-------++-------
Melee: Unarmed           |     6 |       ||     6
       Kick              |     4 |       ||     4
       Peck              |     1 |       ||     1
       Short sword       |     1 |       ||     1
 Cast: Shock             |    45 |    10 ||    55
Armor: Robe              |     4 |     2 ||     6
Dodge: Dodged            |     3 |     1 ||     4

Table legend: (Time is in decaauts)
 A = Elapsed time spent in this place.
 B = Non-inter-level travel time spent in this place.
 C = Inter-level travel time spent in this place.
 D = Time resting spent in this place.
 E = Time spent auto-exploring this place.
 F = Levels seen in this place.
 G = Mean time per level.
                   A        B        C        D        E       F      G
               +--------+--------+--------+--------+--------+-----+--------+
         Total |   1293 |   1257 |     36 |      8 |   1027 |   2 |  646.5 |
       Dungeon |   1293 |   1257 |     36 |      8 |   1027 |   2 |  646.5 |
               +--------+--------+--------+--------+--------+-----+--------+

Top non-repeatable levels by time:
     D:1: 857 daAuts
     D:2: 436 daAuts
